 Dungeon Crawl Stone Soup version 0.19-a0-1875-g4fea3da (webtiles) character file.

53 vev the Magician (level 3, 0/26 HPs)
             Began as a Demigod Wizard on Oct 13, 2016.
             Slain by a goblin
             ... wielding a +0 club
             ... led by Robin
              (3 damage)
             ... on level 3 of the Dungeon.
             The game lasted 00:04:46 (1903 turns).

vev the Magician (Demigod Wizard)                   Turns: 1903, Time: 00:04:46

Health: 0/26       AC:  3    Str: 10    XL:     3   Next: 42%
Magic:  1/10       EV: 12    Int: 24    God:
Gold:   84         SH:  0    Dex: 14    Spells: 2 memorised, 5 levels left

rFire  . . .     SeeInvis .     f - +0 dagger
rCold  . . .     Gourm    .     a - +0 robe
rNeg   . . .     Faith    .     (no shield)
rPois  .         Spirit   .     o - +0 helmet
rElec  .         Dismiss  .     (no cloak)
rCorr  .         Reflect  .     (no gloves)
MR     .....     Harm     .     (no boots)
Stlth  ++........ Rnd*Tele +    (no amulet)
                                i - ring of teleportation (curse)
                                h - ring of wizardry

@: very slightly contaminated
A: high mp 1
a: no special abilities


You were on level 3 of the Dungeon.
You were not hungry.

You visited 1 branch of the dungeon, and saw 3 of its levels.

You collected 84 gold pieces.

Inventory:

Hand Weapons
 f - a +0 dagger (weapon)
 r - a +0 trident
Missiles
 p - 4 poisoned tomahawks (quivered)
 s - 5 javelins
Armour
 a - a +0 robe (worn)
 b - a +0 hat
 o - a +0 helmet (worn)
Jewellery
 h - a ring of wizardry (left hand)
 i - a cursed ring of teleportation (right hand)
Scrolls
 e - a scroll of enchant armour {unknown}
 g - a scroll of enchant weapon {unknown}
 k - 2 scrolls of remove curse {unknown}
 m - a scroll of identify {unknown}
 n - a scroll of random uselessness {unknown}
 u - a scroll of teleportation {unknown}
Potions
 l - a potion of curing {unknown}
 t - a potion of heal wounds {unknown}
Books
 c - a book of Minor Magic

   Spells                             Type                      Level
   a - Magic Dart                     Conjuration                  1
   b - Blink                          Translocation                2
   c - Call Imp                       Summoning                    2
   d - Repel Missiles                 Charms/Air                   2
   e - Slow                           Hexes                        2
   f - Conjure Flame                  Conjuration/Fire             3
   g - Mephitic Cloud                 Conjuration/Poison/Air       3
Comestibles
 d - 3 bread rations
 j - 2 meat rations


   Skills:
 - Level 1.7 Dodging
 + Level 2.3 Stealth
 + Level 3.0 Spellcasting
 * Level 2.5 Conjurations
   Level 0.8 Summonings
 - Level 0.8 Translocations


You had 5 spell levels left.
You knew the following spells:

 Your Spells              Type           Power        Failure   Level  Hunger
a - Magic Dart            Conj           ###.         1%          1    None
b - Blink                 Tloc           N/A          4%          2    ##.....


Dungeon Overview and Level Annotations

Branches:
Dungeon (3/15)


Innate Abilities, Weirdness & Mutations

You have an increased reservoir of magic. (+10% MP)


Message History

You kill the goblin!
The goblin closely misses you.
Unknown command.
You miss the goblin. The goblin barely misses you.
You closely miss the goblin. The goblin hits you with a club!
You barely miss the goblin. The goblin hits you with a club.
* * * LOW HITPOINT WARNING * * *
You are too injured to fight recklessly!
Unknown command.
The goblin no longer looks unusually strong.
The goblin no longer looks unusually strong.
Casting: Magic Dart
Confirm with . or Enter, or press ? or * to list all spells.
Aiming: Magic Dart
Press: ? - help, Shift-Dir - straight line, f - goblin
Aim: a goblin, wielding a club The magic dart hits the goblin.
The goblin is heavily wounded.
The goblin hits you with a club.
You die...

##.############.#
#.............#.#
#####..##########.#.#
.................>#.#
...##.######........#
##.##..........<....#..
#.##..#####........#..# #.##..#
##.......#..# ##### ##.##..#
#.##@####..# #g... .#.##..#
#.##g# #..# #g### .#.##..# #.##.#
#..# #.# .#.##..######.##g#
#..######.### .#.##..........#.#
#....g..g....
.#.##.##########.#####g######.##.
.#.##.##### #........#.# #.#
..........# #......g.#.# #.#
...#..................[# #.#


You could see 2 goblins.

Vanquished Creatures
  Robin (D:3)
  2 worms (D:2)
  2 leopard geckos (D:1)
  An orc (D:2)
  3 bats
  2 giant cockroaches
  8 goblins
  3 hobgoblins
  4 kobolds
  4 frilled lizards
  2 rats (D:1)
32 creatures vanquished.

Notes
Turn   | Place    | Note
-------+----------+-------------------------------------------
     0 | D:1      | vev the Demigod Wizard began the quest for the Orb.
     0 | D:1      | Reached XP level 1. HP: 14/14 MP: 6/6
    51 | D:1      | Reached skill level 1 in Conjurations
   215 | D:1      | Reached skill level 2 in Stealth
   380 | D:1      | Reached XP level 2. HP: 20/20 MP: 8/8
   824 | D:2      | Learned a level 2 spell: Blink
   952 | D:2      | Reached skill level 2 in Conjurations
  1496 | D:2      | Reached XP level 3. HP: 19/26 MP: 7/10
  1860 | D:3      | Noticed Robin
  1886 | D:3      | Killed Robin
  1886 | D:3      | Reached skill level 3 in Spellcasting
  1891 | D:3      | HP: 2/26 [goblin/club[Robin] (6)]
  1903 | D:3      | Slain by a goblin

Vault maps used:
D:1:      eino_arrival_cavern_a
D:2:      first_bread, serial_bayou, serial_bayou_pond_e, serial_bayou_lake_a,
          serial_bayou_crossing, serial_bayou_lagoon_a
D:3:      nemelex_xobeh_ov_fountains_minmay, uniq_robin, uniq_terence

Skill      XL: |  1  2  3 |
---------------+----------+-----
Conjurations   | 1 2 |  2.5
Stealth        | 2 |  2.3
Spellcasting   | 3 |  3.0
Dodging        | |  1.7
Summonings     | |  0.8
Translocations | |  0.8

Action                   || total
-------------------------++-------
Melee: Dagger            ||    71
 Cast: Magic Dart        ||    49
       Blink             ||     1
 Stab: Sleeping          ||     6
  Eat: Chunk             ||     3
Armor: Robe              ||    17
Dodge: Dodged            ||    46
